 Dungeon Crawl Stone Soup version 0.20-a0-772-g73021bd (webtiles) character file.

4515 Laan the Cleaver (level 10, -5/84 HPs)
             Began as a Minotaur Fighter on Feb 27, 2017.
             Was a Follower of Qazlal.
             Succumbed to a black mamba's poison
             ... on level 1 of the Lair of Beasts.
             The game lasted 00:15:24 (6584 turns).

Laan the Cleaver (Minotaur Fighter)                 Turns: 6584, Time: 00:15:25

Health: -5/84      AC: 11    Str: 24    XL:     10   Next: 16%
Magic:  1/9        EV:  5    Int:  5    God:    Qazlal [*.....]
Gold:   396        SH: 13    Dex: 12    Spells: 9/9 levels left

rFire    + . .     SeeInvis .   a - +0 war axe
rCold    . . .     Gourm    .   O - +1 plate armour
rNeg     . . .     Faith    .   c - +0 shield
rPois    .         Spirit   +   (helmet restricted)
rElec    .         Reflect  .   (no cloak)
rCorr    .         Harm     .   F - +0 pair of gloves
MR       .....                  (no boots)
Stlth    ..........             w - amulet of guardian spirit
Regen    0.3/turn               H - ring of protection from fire
MPRegen  0.2/turn               s - +1 ring of protection

@: lethally poisoned (-5 -> -99), flying, very slightly contaminated, studying
Shields, invisible
A: retaliatory headbutt, horns 2, thin skeletal structure 1, deformed body,
evolution 1
a: Renounce Religion


You were on level 1 of the Lair of Beasts.
You worshipped Qazlal.
Qazlal was aware of your devotion.
You were hungry.

You visited 3 branches of the dungeon, and saw 10 of its levels.

You collected 396 gold pieces.

Inventory:

Hand Weapons
 a - a +0 war axe (weapon)
Missiles
 n - 12 javelins (quivered)
Armour
 c - a +0 shield (worn)
 F - a +0 pair of gloves (worn)
 O - a +1 plate armour (worn)
Jewellery
 s - a +1 ring of protection (left hand)
 w - an amulet of guardian spirit (around neck)
 x - an uncursed ring of stealth
 B - an uncursed ring of resist corrosion
 C - an uncursed ring of flight
 H - a ring of protection from fire (right hand)
 U - an uncursed ring of protection from fire
Wands
 b - a wand of flame (27/48)
 l - a wand of digging (9/24)
 G - a wand of polymorph (4/24)
 M - a wand of acid (13/15)
 N - a wand of flame (29/48)
 W - a wand of lightning (7/15)
Scrolls
 e - 5 scrolls of remove curse
 k - 3 scrolls of recharging
 r - a scroll of fear
 u - a scroll of teleportation
 y - a scroll of magic mapping
Potions
 q - a potion of resistance
 v - a potion of cancellation
 z - 2 potions of ambrosia
 D - a potion of might
Books
 S - a manual of Shields
Comestibles
 f - 6 bread rations
 i - 7 meat rations
 m - 9 fruits
 o - 6 royal jellies


   Skills:
 + Level 6.4 Fighting
 + Level 14.6 Axes
 + Level 6.3 Armour
 + Level 8.2 Shields


You had 9 spell levels left.
You didn't know any spells.

Dungeon Overview and Level Annotations

Branches:
Dungeon (8/15)             Temple (1/1) D:5            Lair (1/6) D:8

Altars:
Ashenzari
Cheibriados
Dithmenos
Elyvilon
Fedhas
Gozag
Hepliaklqana
Kikubaaqudgha
Makhleb
Nemelex Xobeh
Okawaru
Qazlal
Ru
Sif Muna
Trog
Uskayaw
Vehumet
Wu Jian
Xom
Yredelemnul
Zin
The Shining One


Innate Abilities, Weirdness & Mutations

You reflexively headbutt those who attack you in melee.
You have a pair of horns on your head.
You have a somewhat thin skeletal structure. (Dex +2, Stealth)
Armour fits poorly on your strangely shaped body.
You evolve.


Message History

The black mamba poisons you!
The water moccasin bites you but does no damage.
The dream sheep is engulfed in freezing vapours.
You kill the dream sheep!
Qazlal accepts your kill.
Your Armour skill increases to level 6!
You slash the black mamba!
You kill the black mamba!
Qazlal accepts your kill.
Your Shields skill increases to level 8!
You hit the plant but do no damage. You closely miss the water moccasin.
* * * LOW HITPOINT WARNING * * *
You feel very sick. You block the water moccasin's attack.
You closely miss the water moccasin. You hit the plant.
* * * LOW HITPOINT WARNING * * *
You feel extremely sick.
The water moccasin bites you but does no damage.
You closely miss the water moccasin. You slash the plant!
You die...

....... #...#. #
#.... #. ##...#
#. #....# #..
#...# ##...
#.<.#####
......##)S.......
♣..†@♣.P♣....
.P...♣.)♣P♣♣.P...
.P♣ ♣.P..♣P♣♣....
♣.♣♣.P♣P♣ .♣P.


PP♣ P..i ♣ ♣ ♣ $.. ≈≈... ... ≈≈≈≈.. ♣♣ ≈≈≈...♣ You could see a water moccasin.

Vanquished Creatures
  Erica (D:8)
  Joseph (D:8)
  A black mamba (Lair:1)
  A dream sheep (Lair:1)
  Sigmund (D:5)
  2 spriggans (Lair:1)
  A human (D:7)
  4 hogs (D:7)
  2 black bears (D:6)
  3 orc warriors
  2 centaurs
  4 bullfrogs
  A wyvern zombie (D:5)
  A scorpion (D:8)
  A crimson imp (D:7)
  A bullfrog zombie (D:6)
  3 hounds
  4 orc wizards
  3 orc priests
  3 centaur skeletons
  Natasha (thrice) (D:3)
  Terence (D:2)
  5 worker ants
  A worker ant zombie (D:6)
  4 gnolls (D:3)
  5 adders
  A shadow imp (D:8)
  An ooze (D:7)
  2 adder zombies (D:7)
  2 worms
  3 dart slugs
  3 leopard geckos
  27 orcs
  7 bats
  5 giant cockroaches
  4 goblins
  9 hobgoblins
  8 jackals
  7 kobolds
  4 quokkas
  A ball python (D:2)
  4 frilled lizards
  2 leopard gecko skeletons
  7 rats
156 creatures vanquished.

Vanquished Creatures (others)
  A plant (Lair:1)
1 creature vanquished.

Grand Total: 157 creatures vanquished

Notes
Turn   | Place    | Note
-------+----------+-------------------------------------------
     0 | D:1      | Laan the Minotaur Fighter began the quest for the Orb.
     0 | D:1      | Reached XP level 1. HP: 19/19 MP: 0/0
   152 | D:1      | Reached skill level 3 in Axes
   249 | D:1      | Reached XP level 2. HP: 23/26 MP: 1/1
   637 | D:1      | Reached skill level 4 in Axes
  1016 | D:2      | Reached XP level 3. HP: 31/31 MP: 2/2
  1098 | D:2      | Found a white marble altar of Elyvilon.
  1175 | D:2      | Noticed Terence
  1188 | D:2      | Reached skill level 5 in Axes
  1207 | D:2      | Killed Terence
  1207 | D:2      | Reached XP level 4. HP: 10/39 MP: 3/3
  1623 | D:2      | Found a radiant altar of Vehumet.
  1678 | D:2      | Found a sacrificial altar of Ru.
  1735 | D:2      | Found a faded altar of an unknown god.
  1890 | D:3      | Reached skill level 6 in Axes
  2080 | D:3      | Noticed Natasha
  2085 | D:3      | Killed Natasha
  2085 | D:3      | Reached XP level 5. HP: 32/45 MP: 4/4
  2251 | D:3      | Reached skill level 7 in Axes
  2465 | D:3      | Noticed Natasha
  2476 | D:3      | Killed Natasha
  2483 | D:3      | Noticed Natasha
  2512 | D:3      | Killed Natasha
  2737 | D:3      | Found a sparkling altar of Nemelex Xobeh.
  2843 | D:3      | Reached XP level 6. HP: 45/51 MP: 5/5
  3034 | D:4      | Found an ornate altar of the Wu Jian Council.
  3211 | D:4      | Reached skill level 8 in Axes
  3804 | D:5      | Entered Level 5 of the Dungeon
  3813 | D:5      | Reached skill level 9 in Axes
  3887 | D:5      | Reached XP level 7. HP: 44/57 MP: 3/6
  4099 | D:5      | Noticed Sigmund
  4116 | D:5      | Killed Sigmund
  4116 | D:5      | Reached skill level 10 in Axes
  4180 | D:5      | Found a staircase to the Ecumenical Temple.
  4190 | Temple   | Entered the Ecumenical Temple
  4198 | Temple   | Became a worshipper of Qazlal Stormbringer
  4443 | D:6      | Found a deep blue altar of Sif Muna.
  4614 | D:6      | Found a bloodstained altar of Trog.
  4624 | D:6      | Reached skill level 11 in Axes
  4626 | D:6      | Reached XP level 8. HP: 39/64 MP: 2/7
  5120 | D:7      | Reached skill level 12 in Axes
  5370 | D:7      | Reached skill level 13 in Axes
  5381 | D:7      | Reached XP level 9. HP: 44/70 MP: 6/8
  5466 | D:8      | Reached * piety under Qazlal
  5507 | D:8      | Found a staircase to the Lair.
  5562 | D:8      | Noticed Joseph
  5578 | D:8      | Killed Joseph
  5578 | D:8      | Reached skill level 14 in Axes
  5686 | D:8      | Noticed Erica
  5702 | D:8      | Killed Erica
  5702 | D:8      | Reached skill level 5 in Fighting
  5702 | D:8      | Reached skill level 5 in Armour
  6554 | Lair:1   | Entered Level 1 of the Lair of Beasts
  6569 | Lair:1   | Noticed a black mamba
  6579 | Lair:1   | Gained mutation: Armour fits poorly on your strangely shaped body. [potion of mutation]
  6579 | Lair:1   | Gained mutation: You have a somewhat thin skeletal structure. (Dex +2, Stealth) [potion of mutation]
  6579 | Lair:1   | Gained mutation: You evolve. [potion of mutation]
  6579 | Lair:1   | Reached XP level 10. HP: 38/83 MP: 6/9
  6582 | Lair:1   | Killed a black mamba
  6583 | Lair:1   | HP: 1/84 [poisoned by a black mamba]
  6584 | Lair:1   | Succumbed to a black mamba's poison

Vault maps used:
D:1:      elethiomel_arrival_infinity_welcomes_careful_drivers,
          grunt_decor_arrowhead, nrook_mini_backslash
D:2:      old_standard_altar, nicolae_overflow_hidden_temple,
          chequers_ecumenical_altar_twisty, uniq_terence
D:3:      marbit_many_paths, uniq_natasha
D:4:      old_standard_altar, first_bread, grunt_decor_resistance, minivault_5
D:5:      lemuel_temple_firewalk_b, uniq_sigmund
D:6:      trog_ov_bears_minmay, lemuel_blue_sif_altar
D:7:      grunt_livestock
D:8:      dpeg_oklobed_lair, uniq_joseph, uniq_erica
Temple:   nicolae_temple_no_exploring_needed
Lair:1:   nicolae_lair_grove_arrangements, serial_bayou_pond_c,
          serial_bayou_pond_d, wad_woods_02

Skill      XL: |  1  2  3  4  5  6  7  8  9 10 |
---------------+-------------------------------+-----
Axes           | 3 4 5 6 7 9 11 13 14 | 14.6
Fighting       | 6 |  6.4
Armour         | 5 6 |  6.3
Shields        | 7 8 |  8.2

Action                   |  1- 3 |  4- 6 |  7- 9 | 10-12 || total
-------------------------+-------+-------+-------+-------++-------
Melee: War axe           |   103 |   170 |   216 |     3 ||   492
       Headbutt          |     6 |    18 |    41 |       ||    65
  Use: Scroll            |       |     3 |    19 |       ||    22
       Potion            |       |     1 |     3 |     2 ||     6
  Eat: Chunk             |     1 |     8 |     9 |       ||    18
Armor: Scale mail        |    52 |     3 |       |       ||    55
       Chain mail        |       |    63 |    46 |       ||   109
       Plate armour      |       |       |    64 |     3 ||    67
Dodge: Dodged            |    40 |    37 |    31 |     1 ||   109
Block: Shield            |    59 |    90 |    95 |     3 ||   247
